 Dungeon Crawl Stone Soup version 0.27-a0-906-g0a00ce863d (webtiles) character file.

Game seed: 7636508291072772416

162 voltaire321 the Insei (level 5, -1/34 HPs)
             Began as an Octopode Transmuter on Apr 6, 2021.
             Slain by an orc wizard
             ... wielding a +0 dagger
              (3 damage)
             ... on level 3 of the Dungeon.
             The game lasted 00:12:02 (4279 turns).

voltaire321 the Insei (Octopode Transmuter)         Turns: 4279, Time: 00:12:03

Health: -1/34      AC:  1    Str:  9    XL:     5   Next: 43%
Magic:  9/9        EV: 14    Int: 21    God:
Gold:   181        SH:  0    Dex: 14    Spells: 3/9 levels left

rFire    . . .     SeeInvis .     - Unarmed
rCold    . . .     Faith    .   (no shield)
rNeg     . . .     Spirit   .   (helmet restricted)
rPois    .         Reflect  .   (no amulet)
rElec    .         Harm     .   l - +6 ring of intelligence
rCorr    .         Rampage  .   (no ring)
Will     .....                  (no ring)
Stlth    ++........             (no ring)
HPRegen  0.11/turn              (no ring)
MPRegen  0.11/turn              (no ring)
                                (no ring)
                                (no ring)

@: attractive
A: almost no armour, amphibious, 8 rings, camouflage 1, gelatinous body 1,
(nimble swimmer 1), tentacles, wild magic 1, MP-powered wands
a: no special abilities


You were on level 3 of the Dungeon.
You visited 1 branch of the dungeon, and saw 4 of its levels.

You collected 181 gold pieces.

Inventory:

Missiles
 e - 10 poisoned darts
Armour
 i - a +0 buckler
Jewellery
 l - a +6 ring of intelligence (left tentacle)
Wands
 c - a wand of flame (19) (quivered)
Scrolls
 a - 2 scrolls of teleportation {unknown}
 b - a scroll of magic mapping {unknown}
 d - a scroll of fear {unknown}
 g - 2 scrolls of blinking {unknown}
 j - a scroll of noise {unknown}
 k - a scroll of enchant weapon {unknown}
Potions
 m - a potion of attraction


   Skills:
 - Level 2.0 Fighting
 + Level 2.9 Dodging
 + Level 3.7 Unarmed Combat
 + Level 2.8 Spellcasting
 + Level 2.9 Transmutations
 + Level 1.3 Poison Magic


You had 3 spell levels left.
You knew the following spells:

 Your Spells              Type           Power      Damage    Failure   Level
a - Beastly Appendage     Tmut           40%        N/A       7%          1
b - Wereblood             Tmut           20%        N/A       10%         2
c - Spider Form           Tmut/Pois      7%         N/A       24%         3

Your spell library contained the following spells:

 Spells                   Type           Power      Damage    Failure   Level
 Confusing Touch          Hex            3%         N/A       47%         3
 Gell's Gravitas          Tloc           1%         N/A       47%         3
 Ice Form                 Ice/Tmut       12%        N/A       67%         4
 Petrify                  Tmut/Erth      12%        N/A       67%         4
 Hydra Form               Tmut           10%        N/A       80%         5
 Yara's Violent Unravell  Hex/Tmut       6%         3d5       94%         5
 Metabolic Englaciation   Hex/Ice        1%         N/A       99%         5


Dungeon Overview and Level Annotations

Branches:
Dungeon (4/15)
 Temple: D:4-7

Altars:
Kikubaaqudgha

Shops:
D:3 *   D:4 *


Innate Abilities, Weirdness & Mutations

You cannot wear most types of armour.
You are amphibious.
You can wear up to eight rings at the same time.
Your skin changes colour to match your surroundings (Stealth+).
Your rubbery body absorbs attacks. (AC +1, EV +1)
((You are camouflaged near water. (Stealth+)))
You have tentacles for arms and can constrict up to eight enemies at once.
Your spells are a little harder to cast, but a little more powerful.
You expend magic power (3 MP) to strengthen your wands.


Message History

One of your tentacles grows a vicious spike.
You climb upwards.
Reactivating autopickup.
There is a stone staircase leading down here.
Something hits you.
Deactivating autopickup; reactivate with Ctrl-A.
You barely miss something.
You hear some strange, mumbled words.
A puff of flame appears from out of thin air!
The puff of flame hits you.
You barely miss something. You squeeze something. Something hits you.
You miss something.
Your tentacle spike misses something.
Your squeeze misses something. Something hits you.
You barely miss something. Something hits you.
* * * LOW HITPOINT WARNING * * *
You barely miss something.
You hear some strange, mumbled words.
A magic dart appears from out of thin air!
The magic dart hits you.
* * * LOW HITPOINT WARNING * * *
You closely miss something.
Your tentacle spike disappears.
Something hits you.
* * * LOW HITPOINT WARNING * * *
It was a potion of attraction.
You feel attractive to monsters.
You hear some strange, mumbled words.
You are confused.
It was a potion of curing.
You feel better. Something hits you.
* * * LOW HITPOINT WARNING * * *
It was a potion of mutation.
You feel extremely strange.
You feel weaker.
You feel stronger.
You feel your magical essence link to the dungeon's wands.
You feel less in control of your magic. Something hits you.
* * * LOW HITPOINT WARNING * * *
You closely miss something. Something hits you.
* * * LOW HITPOINT WARNING * * *
You barely miss something. Something hits you.
You die...

##.####.#######....#
#................#.#
##.####.#######...<#
### #.# #.....#####
#.# #........<. #.#
#.....#####
#.######.....#
#>##.........###
#@{......#.....###
####.###.#........
#.# #.#.......> #.#
#.#....^#.. #.#
#.#.....### #.#
#......#### #.#
#..........
#.#######.#####
#.........#


There were no monsters in sight!

Vanquished Creatures
  An iguana (D:4)
  3 gnolls (D:3)
  3 adders
  2 worms
  2 dart slugs
  3 orcs (D:4)
  6 endoplasms
  2 giant cockroaches (D:2)
  7 hobgoblins
  4 quokkas
  5 ball pythons
  8 bats
  A frilled lizard (D:1)
  11 goblins
  2 kobolds
  7 rats
67 creatures vanquished.

Notes
Turn   | Place    | Note
-------+----------+-------------------------------------------
     0 | D:1      | voltaire321 the Octopode Transmuter began the quest for the
                  | Orb.
     0 | D:1      | Reached XP level 1. HP: 13/13 MP: 3/3
   300 | D:1      | Reached XP level 2. HP: 18/18 MP: 3/5
   386 | D:1      | Found a faded altar of an unknown god.
   399 | D:1      | Learned a level 2 spell: Wereblood
  1312 | D:2      | Reached XP level 3. HP: 17/23 MP: 4/6
  2036 | D:2      | Found an ancient bone altar of Kikubaaqudgha.
  2735 | D:3      | Reached XP level 4. HP: 8/29 MP: 7/7
  3150 | D:3      | Found Yxets's Assorted Antiques.
  3247 | D:3      | Learned a level 3 spell: Spider Form
  3286 | D:3      | Found an ancient bone altar of Kikubaaqudgha.
  3741 | D:3      | Reached XP level 5. HP: 34/34 MP: 6/8
  3835 | D:3      | Reached skill level 1 in Poison Magic
  4082 | D:4      | Found Zilubim's Assorted Antiques.
  4274 | D:3      | HP: 1/34 [something (1)]
  4277 | D:3      | Gained mutation: You are weak. (Str -2) [potion of
                  | mutation]
  4277 | D:3      | Lost mutation: You are weak. (Str -2) [potion of mutation]
  4277 | D:3      | Gained mutation: You expend magic power (3 MP) to
                  | strengthen your wands. [potion of mutation]
  4277 | D:3      | Gained mutation: Your spells are a little harder to cast,
                  | but a little more powerful. [potion of mutation]
  4279 | D:3      | Slain by an orc wizard

Illustrated notes

Levels and vault maps discovered:
D:1:      minmay_arrival_split_and_join, layout_loops_ring,
          ebering_ecumenical_altar_rust
D:2:      layout_loops_ring, basic_altar
D:3:      minmay_wonky_spiral, layout_loops_ring,
          nicolae_kikubaaqudgha_miasma_corner, serial_shops, shop,
          kennysheep_generic_room_9
D:4:      layout_layer_cave, serial_shops, shop

Skill      XL: |  1  2  3  4  5 |
---------------+----------------+-----
Fighting       | 2 |  2.0
Poison Magic   | 1 |  1.3
Dodging        | |  2.9
Unarmed Combat | |  3.7
Spellcasting   | |  2.8
Transmutations | |  2.9

Action                   |  1- 3 |  4- 6 || total
-------------------------+-------+-------++-------
Melee: Unarmed           |    87 |    75 ||   162
       Constrict         |    27 |    17 ||    44
       Kick              |    20 |    17 ||    37
       Tentacles         |    16 |    11 ||    27
       Punch             |     1 |     2 ||     3
 Cast: Beastly Appendage |    29 |    15 ||    44
Evoke: Wand              |       |     1 ||     1
  Use: Potion            |       |     3 ||     3
 Stab: Sleeping          |     7 |     1 ||     8
Armor: Skin              |     4 |     6 ||    10
Dodge: Dodged            |    37 |    55 ||    92

Table legend: (Time is in decaauts)
 A = Elapsed time spent in this place.
 B = Non-inter-level travel time spent in this place.
 C = Inter-level travel time spent in this place.
 D = Time resting spent in this place.
 E = Time spent auto-exploring this place.
 F = Levels seen in this place.
 G = Mean time per level.
                   A        B        C        D        E       F      G
               +--------+--------+--------+--------+--------+-----+--------+
         Total |   4268 |   4198 |     70 |   1531 |   1995 |   4 | 1067.0 |
       Dungeon |   4268 |   4198 |     70 |   1531 |   1995 |   4 | 1067.0 |
               +--------+--------+--------+--------+--------+-----+--------+

Top non-repeatable levels by time:
     D:3: 1637 daAuts
     D:2: 1398 daAuts
     D:1: 1114 daAuts
     D:4: 118 daAuts
